[Event "Late-Titled-Tuesday-Blitz-March-05-2024"]
[Site "Chess.com"]
[Date "2024.03.05"]
[Round "2"]
[White "s-dshubin"]
[Black "MathiasWomacka"]
[Result "0-1"]
[WhiteElo "2324"]
[BlackElo "2530"]
[TimeControl "180+1"]
[EndTime "14:17:06 PST"]
[Termination "MathiasWomacka won on time"]

1. e4 c5 2. Nf3 d6 3. d4 cxd4 4. Nxd4 Nf6 5. Nc3 a6 6. Nb3 Nc6 7. h3 e6 8. g4 Be7 9. Bg2 Qc7 10.
Be3 b5 11. g5 Nd7 12. f4 Bb7 13. Qe2 Nb6 14. Nd2 b4 15. Bxb6 Qxb6 16. Nc4 Qc7 17. Na4 O-O 18. O-O e5 19. Nab6 exf4 20. Nxa8 Bxa8 21. Rad1 Ne5 22. Nxe5 dxe5 23. Qd3 Bxg5 24. Qd6 Qxc2 25. Qxe5 Bf6 26. Qxf4 Qxb2 27. Rf2 Qc3 28. Qd6 Be5 29. Qd2 Qg3 30. Qd7 g6 31. Qe7 Bxe4 32.
Rd8 Rxd8 0-1

[Event "Late-Titled-Tuesday-Blitz-March-05-2024"]
[Site "Chess.com"]
[Date "2024.03.05"]
[Round "2"]
[White "Nouali_Mohamed"]
[Black "K_A_S_T_O_R"]
[Result "0-1"]
[WhiteElo "2560"]
[BlackElo "2807"]
[TimeControl "180+1"]
[EndTime "14:17:07 PST"]
[Termination "K_A_S_T_O_R won by resignation"]

1. e4 c5 2. Nf3 d6 3. d4 cxd4 4. Nxd4 Nf6 5. Nc3 a6 6. Bc4 e6 7.
Bb3 b5 8. Bg5 Be7 9. Qe2 Qb6 10.
O-O-O h6 11. Be3 Qc7 12. f4 b4 13. Na4 Nxe4 14. f5 e5 15. Bd5 Bb7 16. Bxf7+ Kxf7 17. Qh5+ Kg8 18. Ne6 Qc6 19. Nb6 Nd7 20. Qg6 Bf6 21.
Nd5 Qxd5 22. Rxd5 Bxd5 23. Nc7 Bf7 24. Qg4 Rc8 25. Qxe4 Rxc7 26. Qxb4 Kh7 27. Qxd6 Rhc8 28. c3 Nc5 29. Bxc5 Rxc5 30. Qxa6 e4 31. Kb1 Rb8 32. Ka1 Rxc3 33. Qxf6 gxf6 34. bxc3 Ra8 35. Re1 Rxa2+ 36. Kb1 Rxg2 37. Rxe4 Rxh2 38. Re7 Kg7 39.
c4 Rh4 40. c5 Rc4 41. Rc7 h5 42. c6 h4 0-1

[Event "Late-Titled-Tuesday-Blitz-March-05-2024"]
[Site "Chess.com"]
[Date "2024.03.05"]
[Round "2"]
[White "TheAlienParty"]
[Black "TheBigBoss04"]
[Result "0-1"]
[WhiteElo "2402"]
[BlackElo "2683"]
[TimeControl "180+1"]
[EndTime "14:17:09 PST"]
[Termination "TheBigBoss04 won by resignation"]

1. c4 c5 2. Nf3 Nc6 3. d4 cxd4 4.
Nxd4 g6 5. g3 Bg7 6. Nc2 h5 7.
h4 d6 8. Bg2 Be6 9. Ne3 Nh6 10.
Nc3 O-O 11. Ncd5 Rc8 12. O-O Ne5 13. Qa4 a6 14. Bd2 Nxc4 15. Nxc4 b5 16. Qxa6 bxc4 17.
Rac1 Rc5 18. Nf4 Bc8 19. Qa3 e5 20. Nd5 Be6 21. Ne3 Rc8 22. Bb4 d5 23. Bxf8 Bxf8 24. Qa5 d4 25. Qxe5 dxe3 26. Qxe3 Ng4 27. Qg5 Be7 28.
Qf4 Bd6 29. Qg5 Qxg5 30. hxg5 Rb8 31. Rfd1 Bc5 32. e3 Rxb2 33. Bd5 Nxf2 34. Bxe6 Nxd1 35.
Bxc4 Bxe3+ 36. Kf1 Bxc1 0-1

[Event "Late-Titled-Tuesday-Blitz-March-05-2024"]
[Site "Chess.com"]
[Date "2024.03.05"]
[Round "2"]
[White "SocoLoco"]
[Black "elmusmolamas"]
[Result "0-1"]
[WhiteElo "2234"]
[BlackElo "2499"]
[TimeControl "180+1"]
[EndTime "14:17:11 PST"]
[Termination "elmusmolamas won on time"]

1. e4 b6 2. d4 Bb7 3. Nc3 e6 4. Nf3 Nf6 5. Bd3 Bb4 6. Bd2 Bxc3 7. Bxc3 Nxe4 8. Qe2 Nxc3 9. bxc3 h6 10. Ne5 d6 11.
Nf3 Nd7 12. c4 Qf6 13. c3 Bxf3 14. gxf3 O-O 15. Rg1 c5 16. Qe3 d5 17. O-O-O Rac8 18. Rg4 cxd4 19. cxd4 Rxc4+ 20. Bxc4 Rc8 21. Rd2 Rxc4+ 22.
Rc2 b5 23. Rxc4 dxc4 24. Qe4 Nb6 25. Qb7 Nd5 26. Qxb5 Qxf3 27. Rg3 Qf4+ 28. Kc2 c3 0-1

[Event "Late-Titled-Tuesday-Blitz-March-05-2024"]
[Site "Chess.com"]
[Date "2024.03.05"]
[Round "2"]
[White "Bekkedahl"]
[Black "masterofpuppets2"]
[Result "0-1"]
[WhiteElo "2199"]
[BlackElo "2481"]
[TimeControl "180+1"]
[EndTime "14:17:11 PST"]
[Termination "masterofpuppets2 won by resignation"]

1. e4 e5 2. Nf3 Nc6 3. Bb5 a6 4. Ba4 Nf6 5. O-O d6 6. c3 Bd7 7. Re1 g6 8. d4 Bg7 9. Nbd2 O-O 10. Nf1 exd4 11. cxd4 b5 12. Bb3 Bg4 13. d5 Bxf3 14.
Qxf3 Nd4 15. Qd3 Nxb3 16. Qxb3 Re8 17. Bg5 h6 18. Bxf6 Qxf6 19. Rac1 Re7 20. Rc2 Rae8 21. Ng3 h5 22. f3 h4 23. Ne2 Qg5 24. h3 f5 25. Nc3 Bd4+ 26. Kh1 Qg3 27. Rf1 Be5 28. f4 Bxf4 29. Rxf4 Qxf4 30. Re2 fxe4 31. Qc2 b4 32. Nd1 Qf1+ 33. Kh2 Kh7 34. Ne3 Qf4+ 35. Kh1 Rf7 36. Qd1 Ref8 37. Re1 Qg3 38. Rg1 Qxe3 0-1

[Event "Late-Titled-Tuesday-Blitz-March-05-2024"]
[Site "Chess.com"]
[Date "2024.03.05"]
[Round "2"]
[White "grzechu96"]
[Black "ahmedkandiliii"]
[Result "1-0"]
[WhiteElo "2742"]
[BlackElo "2538"]
[TimeControl "180+1"]
[EndTime "14:17:15 PST"]
[Termination "grzechu96 won on time"]

1. e4 d6 2. d4 Nf6 3. Nc3 g6 4. Nf3 a6 5. Be3 b5 6. e5 Ng4 7. Bf4 Bg7 8. h3 Nh6 9. Qd2 Ng8 10. O-O-O Bb7 11. Bd3 Nd7 12. Be4 Qc8 13. Rhe1 b4 14. Nd5 Bxd5 15. Bxd5 c6 16. Bb3 d5 17. e6 fxe6 18.
Rxe6 Nc5 19. Re2 Ne4 20. Qxb4 a5 21. Qa4 Ngf6 22. Ne5 O-O 23. Nxc6 Rf7 24. f3 Nh5 25. Bxd5 Nxf4 26. Bxf7+ Kxf7 27. Rxe4 Bh6 28. Rxe7+ 1-0

[Event "Late-Titled-Tuesday-Blitz-March-05-2024"]
[Site "Chess.com"]
[Date "2024.03.05"]
[Round "2"]
[White "Chemim21"]
[Black "Gambito_SE"]
[Result "0-1"]
[WhiteElo "2198"]
[BlackElo "2510"]
[TimeControl "180+1"]
[EndTime "14:17:15 PST"]
[Termination "Gambito_SE won on time"]

1. e4 e6 2. d4 d5 3. exd5 exd5 4. Bf4 Nf6 5. Bd3 Bd6 6. Bg3 O-O 7. Ne2 Ne4 8. Nbc3 Bf5 9. O-O Nxg3 10. Nxg3 Be6 11. f4 f6 12. Qf3 c6 13. Rae1 Bf7 14. Nf5 Na6 15. Qg3 g6 16. Nh6+ Kg7 17. Nxf7 Rxf7 18.
Bxa6 bxa6 19. h4 Rb8 20. b3 f5 21. h5 Qf6 22. Ne2 Re8 23. c3 Re4 24. Nc1 Rfe7 25. Nd3 a5 26. Ne5 c5 27. hxg6 hxg6 28. Rxe4 dxe4 29.
Rd1 cxd4 30. cxd4 Rc7 31. Qe3 Qe7 32. Rd2 Rc1+ 33. Kf2 Qh4+ 34. Qg3 Rf1+ 35. Kxf1 Qxg3 36. Rc2 Qxf4+ 0-1

[Event "Late-Titled-Tuesday-Blitz-March-05-2024"]
[Site "Chess.com"]
[Date "2024.03.05"]
[Round "2"]
[White "AldokhinIvan"]
[Black "IngOscarArdila"]
[Result "1-0"]
[WhiteElo "2674"]
[BlackElo "2335"]
[TimeControl "180+1"]
[EndTime "14:17:16 PST"]
[Termination "AldokhinIvan won on time"]

1. e4 e5 2. Nf3 Nf6 3. d4 Nxe4 4.
Bd3 d5 5. Nxe5 Nd7 6. Nxd7 Bxd7 7. Nc3 Nf6 8. O-O Be7 9. Bg5 c6 10. Qf3 O-O 11. Rae1 Re8 12. Ne2 Bg4 13. Qg3 Bh5 14.
Nf4 Bg6 15. Nxg6 hxg6 16. Qh4 Qd6 17. Re3 Bf8 18. Rh3 Nh5 19. g4 f6 20. Be3 Nf4 21.
Qh7+ Kf7 22. Bxf4 Qxf4 23. Bxg6+ Ke7 24. Bxe8 Rxe8 25. Re1+ Kd8 26. Rxe8+ Kxe8 27. Qg8 Qxg4+ 28. Rg3 Qd1+ 29. Kg2 Qxd4 30. Re3+ Kd7 31. Qf7+ Kd6 32. Qxf8+ Kc7 33. Qxg7+ Kb6 34. Qg3 a5 35. Rb3+ Ka6 36.
Qd3+ 1-0

[Event "Late-Titled-Tuesday-Blitz-March-05-2024"]
[Site "Chess.com"]
[Date "2024.03.05"]
[Round "2"]
[White "ccccvhhhj"]
[Black "MikeSailer"]
[Result "1-0"]
[WhiteElo "2472"]
[BlackElo "2178"]
[TimeControl "180+1"]
[EndTime "14:17:16 PST"]
[Termination "ccccvhhhj won on time"]

1. e4 d5 2. exd5 Qxd5 3. Nf3 Bg4 4. Be2 Nc6 5. d4 O-O-O 6. Be3 Nf6 7. c4 Qf5 8. Nbd2 e5 9. d5 Nb4 10. O-O Nc2 11. Rc1 Nxe3 12. fxe3 Bc5 13. Qb3 Rhe8 14.
Kh1 Qh5 15. e4 Rd6 16. Qc3 Nd7 17. b4 Bd4 18. Nxd4 exd4 19. Bxg4 Qxg4 20. Qxd4 Rg6 21.
Rf2 Kb8 22. c5 Ne5 23. c6 b6 24. a4 Qg5 25. Rcf1 Ng4 26. Re2 Rh6 27. g3 Qh5 28. Nf3 Qh3 29. Qg1 Re5 30. Qg2 Qh5 31. Nxe5 Nxe5 32.
a5 f6 33. axb6 axb6 34. Ra2 Ng4 35. h4 g5 36. Ra8+ Kxa8 37. Qa2+ Kb8 38. Qa6 1-0

[Event "Late-Titled-Tuesday-Blitz-March-05-2024"]
[Site "Chess.com"]
[Date "2024.03.05"]
[Round "2"]
[White "guillembaches"]
[Black "Kostukov_Alex"]
[Result "1-0"]
[WhiteElo "2533"]
[BlackElo "2344"]
[TimeControl "180+1"]
[EndTime "14:17:18 PST"]
[Termination "guillembaches won on time"]

1. Nf3 c5 2. e4 Nc6 3. d4 cxd4 4.
Nxd4 g6 5. c4 Bg7 6. Nc2 Nf6 7.
Nc3 O-O 8. Be2 d6 9. O-O Bd7 10. Be3 a5 11. f3 a4 12. Qd2 Qa5 13. Rfc1 Rfc8 14. Rab1 Ne5 15. b3 axb3 16. axb3 b5 17. b4 Qc7 18. c5 Nc4 19. Bxc4 bxc4 20. Nd5 Nxd5 21. exd5 c3 22. Qf2 Ra2 23. Ra1 Rca8 24. c6 Bf5 25. b5 Qa5 26. Rxa2 Qxa2 27. Nd4 Qb2 28. Nxf5 gxf5 29. b6 Ra1 30. Rxa1 Qxa1+ 31. Qf1 Qb2 32. c7 1-0

[Event "Late-Titled-Tuesday-Blitz-March-05-2024"]
[Site "Chess.com"]
[Date "2024.03.05"]
[Round "2"]
[White "MagnusCarlsen"]
[Black "Mikhail_Golubev"]
[Result "1-0"]
[WhiteElo "3256"]
[BlackElo "2653"]
[TimeControl "180+1"]
[EndTime "14:17:19 PST"]
[Termination "MagnusCarlsen won by checkmate"]

1. e4 c5 2. a3 g6 3. h4 h5 4. Bc4 Bg7 5. Nc3 Nc6 6. Nf3 e6 7. Ng5 Nf6 8. d3 d5 9. Ba2 O-O 10. O-O dxe4 11. Ncxe4 Nxe4 12. Nxe4 b6 13. Bg5 f6 14.
Bf4 Kh7 15. b4 e5 16. Bd2 cxb4 17. axb4 Bg4 18. f3 Bf5 19. b5 Nd4 20. Bb4 Rh8 21. g4 Bxe4 22. fxe4 Nxb5 23. Bd5 Nc7 24. Bxa8 Qd4+ 25.
Kg2 Qxb4 26. Bc6 Qc5 27. Ba4 Ne6 28. gxh5 Nf4+ 29. Rxf4 exf4 30. hxg6+ Kh6 31. Qg4 Qe3 32. Rf1 b5 33. Bxb5 Rc8 34. Bc4 Rxc4 35. dxc4 Qxe4+ 36. Kh3 Qe3+ 37. Rf3 f5 38. Qg5# 1-0

[Event "Late-Titled-Tuesday-Blitz-March-05-2024"]
[Site "Chess.com"]
[Date "2024.03.05"]
[Round "2"]
[White "mac0504"]
[Black "GM4life"]
[Result "0-1"]
[WhiteElo "2710"]
[BlackElo "2549"]
[TimeControl "180+1"]
[EndTime "14:17:19 PST"]
[Termination "GM4life won on time"]

1. c4 Nf6 2. Nc3 e6 3. e4 d5 4. e5 d4 5. exf6 dxc3 6. bxc3 Qxf6 7. d4 h6 8. Nf3 Bd6 9. Bd3 Nd7 10. O-O O-O 11. Re1 c5 12. Bc2 Rd8 13. Qd3 Nf8 14.
Bb2 b6 15. Rad1 Bb7 16. Ne5 Bxe5 17. Rxe5 Qxe5 18. dxe5 Rxd3 19. Rxd3 Ng6 20. Rd7 Ba6 21. Bxg6 fxg6 22. f4 Bxc4 23. a3 Bd5 24. Bc1 a5 25. Be3 Rc8 26. Ra7 Be4 27. Kf2 Rd8 28. Ra6 Rd3 29.
Rxb6 Rxc3 30. Rxe6 Rc2+ 31. Ke1 Bxg2 32. Re7 Bf3 33. Bd2 c4 34. Rc7 Bd5 35. Bxa5 Rxh2 36. Bc3 h5 37. e6 Bxe6 38. Rxg7+ Kf8 39. Rxg6 Bg4 40. f5 Rc2 41. Bb4+ Kf7 42. Rh6 c3 0-1

[Event "Late-Titled-Tuesday-Blitz-March-05-2024"]
[Site "Chess.com"]
[Date "2024.03.05"]
[Round "2"]
[White "baki83"]
[Black "laziestwin"]
[Result "1-0"]
[WhiteElo "2810"]
[BlackElo "2565"]
[TimeControl "180+1"]
[EndTime "14:17:22 PST"]
[Termination "baki83 won by resignation"]

1. e4 c5 2. Nf3 d6 3. Bb5+ Bd7 4. Bxd7+ Qxd7 5. O-O Nc6 6. d4 cxd4 7. Nxd4 g6 8. c4 Bg7 9. Be3 Nf6 10. f3 O-O 11.
Nc3 Rac8 12. Rc1 Nxd4 13. Bxd4 Rxc4 14. Bxa7 b5 15. Be3 Rfc8 16. Qb3 b4 17. Ne2 Rxc1 18. Rxc1 Rxc1+ 19. Nxc1 d5 20. e5 Ne8 21. Nd3 d4 22.
Bd2 Nc7 23. Bxb4 Nd5 24. Bc5 f6 25. Nf4 e6 26. Nxd5 exd5 27. Qb8+ Kf7 28. Qd6 Qf5 29.
Qxd5+ Ke8 30. Qg8+ Kd7 31. Qxg7+ Kc6 32. Qxf6+ Kxc5 33.
Qxf5 gxf5 34. Kf1 1-0

[Event "Late-Titled-Tuesday-Blitz-March-05-2024"]
[Site "Chess.com"]
[Date "2024.03.05"]
[Round "2"]
[White "MightyGMpretender"]
[Black "crazyluzhinTh3"]
[Result "0-1"]
[WhiteElo "2747"]
[BlackElo "2557"]
[TimeControl "180+1"]
[EndTime "14:17:23 PST"]
[Termination "crazyluzhinTh3 won by checkmate"]

1. e4 d6 2. d4 Nf6 3. Nc3 g6 4. Nf3 Bg7 5. Be2 O-O 6. O-O Nc6 7. d5 Nb8 8. h3 c6 9. Re1 b6 10. a4 Bb7 11. Bc4 a6 12. Bf1 Nbd7 13. Bf4 cxd5 14. exd5 Re8 15. Qd2 Qc7 16. Rad1 Rac8 17. Bh6 Bh8 18. Ng5 Ne5 19. Qf4 Nc4 20. Bxc4 Qxc4 21.
Rd4 Qc5 22. Qh4 Bg7 23. Rf4 Bh8 24. Re3 Bxd5 25. Nxd5 Qxd5 26. c4 Qd1+ 27. Kh2 Qh5 28. Qxh5 Nxh5 29. Rxf7 Bf6 30. Rf3 Rxc4 31. g4 Be5+ 32.
Kh1 Nf4 33. R3xf4 Rxf4 34. Rxh7 Rxf2 35. h4 Rc8 36. Rxe7 Rc1# 0-1

[Event "Late-Titled-Tuesday-Blitz-March-05-2024"]
[Site "Chess.com"]
[Date "2024.03.05"]
[Round "2"]
[White "secretsuperstar7"]
[Black "Too_Stupid_To_Play"]
[Result "1-0"]
[WhiteElo "2502"]
[BlackElo "2263"]
[TimeControl "180+1"]
[EndTime "14:17:24 PST"]
[Termination "secretsuperstar7 won on time"]

1. c4 Nf6 2. Nc3 e5 3. Nf3 Nc6 4. g3 d5 5. cxd5 Nxd5 6. Bg2 Nb6 7. O-O Be7 8. d3 O-O 9. a3 a5 10. b3 Be6 11. Bb2 f6 12. Rc1 Qd7 13. Re1 Rfd8 14.
Ne4 Qc8 15. Nfd2 a4 16. b4 Nd4 17. Bxd4 Rxd4 18. Nc5 Bxc5 19. bxc5 Nd5 20. e3 Rxd3 21. Be4 Nc3 22. Qc2 Rxd2 23. Bxh7+ Kh8 24. Qxd2 Kxh7 25. Qxc3 Bh3 26. Qd3+ g6 27. Rc4 Kg7 28. Rd1 1-0

[Event "Late-Titled-Tuesday-Blitz-March-05-2024"]
[Site "Chess.com"]
[Date "2024.03.05"]
[Round "2"]
[White "GilbertoHernandezAmura"]
[Black "C_K_G"]
[Result "1-0"]
[WhiteElo "2456"]
[BlackElo "2153"]
[TimeControl "180+1"]
[EndTime "14:17:24 PST"]
[Termination "GilbertoHernandezAmura won on time"]

1. c4 e5 2. g3 Bc5 3. Bg2 Nc6 4. e3 a6 5. Ne2 d6 6. Nbc3 Ba7 7. Rb1 Nge7 8. b4 O-O 9. a4 Bg4 10. h3 Bh5 11. b5 axb5 12. axb5 Na5 13. d3 f5 14.
Ra1 Bb6 15. Na4 Bxe2 16. Kxe2 e4 17. Nxb6 exd3+ 18. Qxd3 cxb6 19. Bb2 Rc8 20. Rac1 Rc7 21. Rhd1 Nc8 22. Bd5+ Kh8 23. h4 Qe7 24. Rc2 h6 25.
Kf1 Qd7 26. Kg2 Ne7 27. Bf3 Ng6 28. Qxd6 Qf7 29. Bh5 Nxh4+ 30. gxh4 Qxh5 31. Qxf8+ Kh7 32. Rd4 Nb3 33. Rf4 Nc5 34. Qxf5+ Qxf5 35. Rxf5 Nd3 36.
Kg1 1-0

[Event "Late-Titled-Tuesday-Blitz-March-05-2024"]
[Site "Chess.com"]
[Date "2024.03.05"]
[Round "2"]
[White "esrosenberg"]
[Black "DonBroca"]
[Result "1-0"]
[WhiteElo "2452"]
[BlackElo "2145"]
[TimeControl "180+1"]
[EndTime "14:17:24 PST"]
[Termination "esrosenberg won on time"]

1. d4 Nf6 2. c4 e6 3. Nc3 Bb4 4. Nf3 d5 5. Qa4+ Nc6 6. e3 O-O 7. Qc2 Re8 8. Bd2 e5 9. dxe5 Nxe5 10. Nxe5 Rxe5 11. O-O-O Bf5 12. Qb3 c5 13. a3 Ba5 14. Nxd5 Nxd5 15. Bxa5 Qxa5 16. cxd5 Rd8 17. Bc4 a6 18. Qxb7 Rd7 19. Qb8+ Rd8 20. Qxe5 Bg6 21. d6 h6 22. d7 Kh7 23. Bd3 Qb6 24. Bxg6+ fxg6 25. Rd6 Qb3 26. Rhd1 Qa2 27. Qe4 1-0

[Event "Late-Titled-Tuesday-Blitz-March-05-2024"]
[Site "Chess.com"]
[Date "2024.03.05"]
[Round "2"]
[White "Kopytkin"]
[Black "zano2023"]
[Result "1-0"]
[WhiteElo "2448"]
[BlackElo "2112"]
[TimeControl "180+1"]
[EndTime "14:17:24 PST"]
[Termination "Kopytkin won by resignation"]

1. e4 e6 2. d4 d5 3. e5 c5 4. c3 Nc6 5. Nf3 Qb6 6. Bd3 cxd4 7.
O-O Bd7 8. Re1 Nge7 9. h4 dxc3 10. Nxc3 a6 11. Be3 Qc7 12. Rc1 Rc8 13. Na4 b5 14. Nc5 Nf5 15. Nxa6 Qa5 16. Bxf5 Qxa6 17. Bb1 Bb4 18.
Rf1 O-O 19. Bxh7+ Kxh7 20. Ng5+ Kg6 21. h5+ Kh6 22. Qg4 Nxe5 23. Nxf7+ Kh7 24. Nxe5 Be8 25.
Qxb4 Rf5 26. Ng6 Bxg6 27. hxg6+ Kxg6 28. Qg4+ Kf7 29. Rxc8 Qxc8 30. Rc1 Qd7 31. Bd4 g6 32. Qh4 Kg8 33. Qh8+ Kf7 34. Qg7+ Ke8 35. Qxg6+ Qf7 36. Rc8+ Ke7 37. Rc7+ 1-0

[Event "Late-Titled-Tuesday-Blitz-March-05-2024"]
[Site "Chess.com"]
[Date "2024.03.05"]
[Round "2"]
[White "TigrVShlyape"]
[Black "Josetricks"]
[Result "1-0"]
[WhiteElo "2878"]
[BlackElo "2587"]
[TimeControl "180+1"]
[EndTime "14:17:25 PST"]
[Termination "TigrVShlyape won by resignation"]

1. e4 g6 2. d4 Bg7 3. c3 c6 4. Bd3 d5 5. e5 f6 6. f4 Nh6 7. Nf3 Bg4 8. Nbd2 O-O 9. O-O fxe5 10. fxe5 Nf5 11. Qe1 e6 12. h3 Bxf3 13. Nxf3 c5 14. g4 Nh6 15. Be3 Nc6 16. Qd2 Nf7 17. Kg2 Qb6 18.
h4 Rac8 19. Rac1 cxd4 20. cxd4 Ne7 21. b4 Rxc1 22. Rxc1 Nc6 23. a3 a6 24. Rb1 Ne7 25. a4 Rc8 26. b5 a5 27. Rc1 Bf8 28. Rc2 Rxc2 29. Qxc2 Nh6 30. Kg3 Nf7 31. h5 Kg7 32. hxg6 hxg6 33. Qc5 Qd8 34. Qc1 Qb6 35. Ng1 Kg8 36.
Ne2 Nxe5 37. dxe5 Qd8 38. Nd4 Bg7 39. Nxe6 Bxe5+ 40. Bf4 Qd6 41. Ng5 Qf6 42. Nf3 Bxf4+ 43. Qxf4 Qc3 44. Ne5 Nf5+ 45. gxf5 g5 46. Qxg5+ Kf8 1-0

[Event "Late-Titled-Tuesday-Blitz-March-05-2024"]
[Site "Chess.com"]
[Date "2024.03.05"]
[Round "2"]
[White "Shtembuliak"]
[Black "subham777"]
[Result "1-0"]
[WhiteElo "2845"]
[BlackElo "2580"]
[TimeControl "180+1"]
[EndTime "14:17:27 PST"]
[Termination "Shtembuliak won by resignation"]

1. c4 e6 2. Nc3 d5 3. d4 Nf6 4.
cxd5 exd5 5. Bg5 c6 6. e3 Bd6 7. Bd3 O-O 8. Nge2 h6 9. Bh4 a5 10. h3 Re8 11. Qc2 Na6 12. a3 Nc7 13. g4 Ne6 14. f4 Be7 15. Bf2 b5 16. Ng3 Ba6 17.
Nf5 b4 18. Bxa6 bxc3 19. Bd3 cxb2 20. Ra2 Rb8 21. O-O Ne4 22. Bxe4 dxe4 23. Rxb2 Bxa3 24. Rxb8 Qxb8 25. Qxc6 Rc8 26. Qxe4 Qb3 27. d5 Nc5 28. Qe5 f6 29. Qe7 Ne6 30. Qxe6+ Kh7 31. Qxc8 Qc2 32. Qxc2 1-0

[Event "Late-Titled-Tuesday-Blitz-March-05-2024"]
[Site "Chess.com"]
[Date "2024.03.05"]
[Round "2"]
[White "madstalk3rs"]
[Black "LiemLe"]
[Result "0-1"]
[WhiteElo "2645"]
[BlackElo "3062"]
[TimeControl "180+1"]
[EndTime "14:17:30 PST"]
[Termination "LiemLe won by checkmate"]

1. e4 c5 2. Nf3 d6 3. d4 cxd4 4. Nxd4 Nf6 5. Nc3 Bd7 6. Bd3 Nc6 7. Nb3 g6 8. O-O Bg7 9. Bg5 h6 10. Bh4 O-O 11. Re1 a5 12. a4 Nb4 13. Bb5 Rc8 14.
e5 Bg4 15. exf6 Bxd1 16. fxg7 g5 17. gxf8=Q+ Kxf8 18.
Raxd1 gxh4 19. Rd2 e6 20. Nd4 Kg8 21. h3 d5 22.
Nce2 Qf6 23. c3 Nc6 24. Nc1 Ne7 25. Rd3 e5 26. Rf3 Qg5 27. Ndb3 e4 28. Rfe3 Nf5 29. R3e2 Kh8 30. Bd7 Rg8 31. Bxf5 Qxg2# 0-1

[Event "Late-Titled-Tuesday-Blitz-March-05-2024"]
[Site "Chess.com"]
[Date "2024.03.05"]
[Round "2"]
[White "Crazy_girl99"]
[Black "Attacker_2006"]
[Result "1-0"]
[WhiteElo "2559"]
[BlackElo "2358"]
[TimeControl "180+1"]
[EndTime "14:17:31 PST"]
[Termination "Crazy_girl99 won on time"]

1. e4 e6 2. d4 d5 3. e5 c5 4. c3 cxd4 5. cxd4 Nc6 6. Nf3 f6 7.
exf6 Nxf6 8. Nc3 Bd6 9. Bd3 O-O 10. Bg5 h6 11. Bh4 Qb6 12. O-O Kh8 13. Rc1 Nxd4 14. Bb1 Nxf3+ 15. Qxf3 Bd7 16. Qd3 Rf7 17. Qg6 Kg8 18. Ne2 Qxb2 19. Ng3 Bc6 20. Nh5 Qe5 21. Nxf6+ Rxf6 22. Qh7+ Kf8 23. Bg3 Rf4 24. Qh8+ Kf7 25.
Qxa8 d4 26. Qxa7 Qd5 27. Rxc6 Qxc6 28. Bxf4 Bxf4 29. Qxd4 1-0

[Event "Late-Titled-Tuesday-Blitz-March-05-2024"]
[Site "Chess.com"]
[Date "2024.03.05"]
[Round "2"]
[White "Grindaveci"]
[Black "GoltsevDmitry2000"]
[Result "0-1"]
[WhiteElo "2441"]
[BlackElo "2701"]
[TimeControl "180+1"]
[EndTime "14:17:32 PST"]
[Termination "GoltsevDmitry2000 won on time"]

1. e4 e6 2. d4 d5 3. e5 c5 4. c3 Nc6 5. Nf3 Nge7 6. Na3 Nf5 7. Nc2 h5 8. Bd3 cxd4 9. cxd4 Be7 10. O-O g5 11.
Be2 g4 12. Nfe1 Qb6 13. Be3 Qxb2 14. Nd3 Qb6 15. Rb1 Qd8 16. Ndb4 Bd7 17. Nxc6 Bxc6 18.
Nb4 Bd7 19. Bd3 Nh4 20. Bf4 Rc8 21. Nc2 b6 22. Ba6 Rc7 23. f3 gxf3 24. g3 Ba4 25. Bd3 Nf5 26. Bb5+ Bxb5 27. Rxb5 Qd7 28. a4 Qc6 29. Rf2 Qc3 30. Ne1 Nxd4 31. Rb1 Ne2+ 32.
Kh1 Qc5 0-1

[Event "Late-Titled-Tuesday-Blitz-March-05-2024"]
[Site "Chess.com"]
[Date "2024.03.05"]
[Round "2"]
[White "Felix-Rose"]
[Black "HaryKane"]
[Result "0-1"]
[WhiteElo "2292"]
[BlackElo "2601"]
[TimeControl "180+1"]
[EndTime "14:17:33 PST"]
[Termination "HaryKane won on time"]

1. e4 e6 2. d4 d5 3. Nc3 dxe4 4. Nxe4 Nd7 5. Nf3 Ngf6 6. Nxf6+ Nxf6 7. g3 c5 8. Be3 cxd4 9. Qxd4 Qxd4 10. Nxd4 Be7 11. Bg2 O-O 12. O-O a6 13. a4 e5 14. Nb3 Bf5 15.
Rfc1 Rac8 16. c4 e4 17. c5 Be6 18. Na5 Bd5 19. b4 Rfd8 20. h3 h6 21. b5 axb5 22. axb5 Nd7 23. c6 bxc6 24. bxc6 Ne5 25. c7 Rd7 26.
Bb6 Bd6 27. Bd4 Nd3 28. Rd1 Bxc7 29. Be3 Be5 30. Ra4 f5 31. Ra3 Be6 32. Nb3 Rc3 0-1

[Event "Late-Titled-Tuesday-Blitz-March-05-2024"]
[Site "Chess.com"]
[Date "2024.03.05"]
[Round "2"]
[White "kenta1234"]
[Black "djano"]
[Result "1-0"]
[WhiteElo "2811"]
[BlackElo "2565"]
[TimeControl "180+1"]
[EndTime "14:17:35 PST"]
[Termination "kenta1234 won by resignation"]

1. Nf3 c6 2. d4 d5 3. c4 Nf6 4. Nc3 e6 5. e3 Bd6 6. Qc2 Nbd7 7.
g4 h6 8. Rg1 e5 9. cxd5 Nxd5 10. h4 Nb4 11. Qb3 exd4 12. Nxd4 Nc5 13. Qd1 Qxh4 14. Nxc6 Bh2 15. Nxb4 Bxg1 16. Qf3 Qxg4 17.
Bb5+ Kf8 18. Qf4 Qxf4 19. exf4 Bd7 20. Be3 b6 21. Bxd7 Nxd7 22. Kf1 Bxf2 23. Kxf2 Nf6 24. Kf3 Re8 25. Rd1 h5 26. Nc6 h4 27. Ne5 h3 28.
Rh1 g6 29. Kg3 Nh5+ 30. Kf2 Kg7 31. Rxh3 f6 32. Nc4 Kf7 33. Nd6+ Ke6 34. Nxe8 Rxe8 35. Kf3 Kf5 36. Rh1 Re7 37. Nd5 Rd7 38. Nc3 Re7 39.
Rd1 g5 40. fxg5 fxg5 41. Rd5+ Kf6 42. Bxg5+ Ke6 43. Bxe7 1-0

[Event "Late-Titled-Tuesday-Blitz-March-05-2024"]
[Site "Chess.com"]
[Date "2024.03.05"]
[Round "2"]
[White "sotochess"]
[Black "1g60-1"]
[Result "1-0"]
[WhiteElo "2580"]
[BlackElo "2355"]
[TimeControl "180+1"]
[EndTime "14:17:36 PST"]
[Termination "sotochess won by resignation"]

1. e4 c5 2. Nf3 e6 3. c4 a6 4. d4 cxd4 5. Nxd4 Qc7 6. Nc3 Nf6 7.
Be3 Bb4 8. Bd3 Nc6 9. O-O O-O 10. Rc1 Ne5 11. h3 b6 12. a3 Be7 13. Be2 d6 14. f4 Ng6 15. Bf3 Bb7 16. f5 exf5 17.
Nd5 Nxd5 18. cxd5 Qd8 19. Nxf5 Ne5 20. Nxe7+ Qxe7 21. Bxb6 Rac8 22. Rxc8 Rxc8 23. Bd4 h6 24.
Be2 Qg5 25. Kh1 Qg3 26. Qa4 a5 27. Bxe5 Qxe5 28. Qd7 Rc2 29. Qxf7+ Kh8 30. Bg4 Bc8 31.
Qf8+ Kh7 32. Bf5+ Bxf5 33. exf5 Qe4 34. Rg1 Rxb2 35. f6 gxf6 36. Qxf6 Rb3 37. Qf7+ Kh8 38. Qh5 Kh7 39. Rf1 Rb2 40. Qf7+ Kh8 41. Qf8+ Kh7 42. Rf7+ Kg6 43. Qg7+ Kh5 44. Rf5+ Qxf5 45. g4+ Kh4 46. gxf5 Rb1+ 47. Kg2 Rb2+ 48. Qxb2 1-0

[Event "Late-Titled-Tuesday-Blitz-March-05-2024"]
[Site "Chess.com"]
[Date "2024.03.05"]
[Round "2"]
[White "northridgehawk"]
[Black "ErikRonka"]
[Result "1-0"]
[WhiteElo "2328"]
[BlackElo "2507"]
[TimeControl "180+1"]
[EndTime "14:17:36 PST"]
[Termination "northridgehawk won on time"]

1. e4 e5 2. Bc4 Nf6 3. Nc3 Nxe4 4. Qh5 Nd6 5. Bb3 Be7 6. Qxe5 O-O 7. Nge2 b5 8. d3 Bb7 9. O-O a5 10. a3 Bf6 11. Qf4 Nc6 12. Nd5 Be5 13. Qg4 Ne7 14. Bg5 Bxd5 15. Bxd5 c6 16. Bf3 f6 17. Be3 Nf7 18.
c3 d5 19. d4 Bc7 20. Ng3 Qc8 21. Qxc8 Raxc8 22. Bg4 Rcd8 23. Be6 Rd6 24. Bh3 Rdd8 25. Rfe1 Bd6 26. Be6 Rfe8 27. Bd2 Kf8 28. Re2 Ng6 29.
Rae1 Bf4 30. Bxf7 Rxe2 31. Rxe2 Kxf7 32. Nf5 Bxd2 33. Rxd2 Nf4 34. g3 Ne6 35. Re2 g6 36. Ne3 Rb8 37. Nc2 Ng5 38. Kg2 Ne4 39. f3 Nd6 40. b3 a4 41. b4 Nc4 42. Kf2 g5 43. g4 h5 44. h3 hxg4 45. fxg4 Rh8 46. Kg3 Nd6 47. Re3 Ne4+ 48. Kg2 f5 49. gxf5 Kf6 50.
Ne1 Kxf5 51. Nf3 Rg8 52. Ne5 1-0